[Event "2nd Cambridge Open 2024"]
[Site "Cambridge"]
[Date "2024.02.21"]
[Round "4.15"]
[White "Fava, Lorenzo"]
[Black "York-Weaving, Richard"]
[Result "1-0"]
[ECO "B49"]
[WhiteElo "2084"]
[BlackElo "2343"]
[Annotator "TA"]
[PlyCount "91"]
[EventDate "2024.02.18"]
[EventType "swiss"]
[EventCountry "ENG"]
[SourceTitle "playchess.com"]
[Source "ChessBase"]
[SourceQuality "1"]
[TimeControl "5400+30"]

1. e4 c5 2. Nf3 e6 3. d4 cxd4 4. Nxd4 Nc6 5. Nc3 Qc7 6. Be3 a6 7. a3 b5 8. Nxc6 Qxc6 9. Be2 Bb7 10. O-O Rc8 11. Bf3 (11. Bf4 $14) 11... Qc7 $11 {[%emt 0:04:10] The position is equal.} 12. e5 Ne7 13. Bxb7 Qxb7 14. Qd3 Ng6 15. f4 Nh4 16. Qe4 Qxe4 17. Nxe4 Nf5 18. Bf2 Rc4 19. Rae1 h5 (19... Rxc2 20. Rc1 Rc4 21. g4 $14) 20. c3 Be7 21. g3 Rg8 22. Nd2 Rc6 23. Nb3 g5 24. Nd4 Nxd4 25. Bxd4 Rc4 26. b3 Rc8 27. f5 g4 28. b4 Rg5 29. Rf4 Rxf5 30. Rxf5 exf5 {[%emt 0:00:07][%mdl 4096] Endgame. KRB-KRB} 31. Rf1 Bg5 32. Rxf5 Bd2 33. Bc5 d6 $2 (33... Bxc3 $6 34. Rxh5 Rxc5 35. bxc5 $16) (33... Rc6 $1 $11) 34. exd6 $18 {[%emt 0:00:12] Strongly threatening Rd5.} (34. Bxd6 Rxc3 (34... Bxc3 35. Rxh5 Rc4 36. Kf1 $11) 35. Rxh5 Rxa3 $17) 34... Bxc3 35. Rxh5 {[%emt 0:01:10] White is more active.} Bb2 36. Rg5 Bxa3 {[%emt 0:01:05][%cal Oa6a5] [#]} 37. Re5+ $1 ({Of course not} 37. Rxg4 $6 a5 $11) 37... Kd7 $2 {[%emt 0:04:38] A mistake that costs the game.} (37... Kd8 $16 {was worth a try.}) 38. Re7+ Kc6 {[%emt 0:00:00][%cal Oa6a5] [#] Threatens to win with ...a5!} 39. Ra7 $1 ({Weaker is} 39. Rxf7 a5 $11) 39... Bb2 40. Rxa6+ Kd5 $2 (40... Kd7 41. Ra7+ Ke6 42. Re7+ Kf6) 41. d7 {[%emt 0:00:33] White is clearly winning.} Rd8 42. Rd6+ Ke5 43. Rd2 Bc3 44. Rd3 {[%emt 0:00:05][%cal Oc5e7] Be7! is the strong threat.} Ke4 45. Rxc3 {[%emt 0:02:04] White wants to mate with Re3+.} Rxd7 46. Re3+ {[%emt 0:01:06] Weighted Error Value: White=0.04 (flawless) /Black=0.25 (precise) .  Loses game:     	---       	Black=1      Mistake:       	White=1     	Black=2      OK:         	White=13    	Black=12     Best:        	White=5     	Black=4      Strong:       	White=2     	---} 1-0

[Event "2nd Cambridge Open 2024"]
[Site "Cambridge"]
[Date "2024.02.21"]
[Round "4.16"]
[White "Rushbrooke, Remy"]
[Black "Gourlay, Iain"]
[Result "1-0"]
[ECO "D01"]
[WhiteElo "2049"]
[BlackElo "2301"]
[Annotator "TA"]
[PlyCount "115"]
[EventDate "2024.02.18"]
[EventType "swiss"]
[EventCountry "ENG"]
[SourceTitle "playchess.com"]
[Source "ChessBase"]
[SourceQuality "1"]
[TimeControl "5400+30"]

1. d4 d5 2. Nc3 Nf6 3. Bg5 h6 4. Bxf6 exf6 5. e3 c6 6. Bd3 f5 7. h4 h5 8. Nce2 g6 {[%emt 0:12:08] The position is equal.} 9. Nf3 Nd7 10. c4 Nf6 11. Qb3 Qb6 12. Qxb6 axb6 13. Nf4 Bd6 14. Ne5 Bxe5 15. dxe5 Ng4 16. cxd5 Nxe5 17. Be2 Ra5 18. O-O Bd7 19. a3 O-O 20. Rfd1 c5 21. Rac1 Rd8 22. d6 Be6 (22... Kg7 $11) 23. Nd5 Bxd5 24. Rxd5 Nd7 25. Bf3 Nf6 26. Rd3 Rd7 27. b4 Ra6 28. bxc5 bxc5 29. Rxc5 Raxd6 30. Rxd6 Rxd6 31. Bxb7 $11 {[%emt 0:00:26][%mdl 4096] Endgame. KRB-KRN} Rd3 (31... Rd1+ $11 32. Kh2 Rd3) 32. a4 $14 Ra3 (32... Ng4 $14 33. Bf3 Ra3) 33. a5 $18 Ng4 {[%emt 0:00:06] ( -> ...Ra1+)} 34. Kf1 Ra2 {[%emt 0:00:52] [#]} 35. a6 (35. Bd5 $1 $18 Rxf2+ 36. Ke1) 35... Rxf2+ $16 36. Ke1 Ra2 {[%emt 0:00:08] Dodges Ra5} 37. Rc3 Kf8 38. Kd1 Ke7 39. Kc1 Kd6 40. Kb1 Ra5 41. Kb2 Ne5 42. Kb3 Nd7 43. Kb4 Ra1 44. Rc6+ Ke5 45. Rc3 ({Better is} 45. Rc2 $16) 45... Nb8 46. Kb5 f6 $2 {[%emt 0:01:03] Black cannot hold the game after this.} (46... Ra2 $1 $11 {and Black stays safe.}) 47. Kb6 Rb1+ (47... f4 $142 48. exf4+ Kxf4) 48. Kc7 $18 {[%emt 0:00:22][%cal Oa6a7] [#] a7! would kill now.} Nxa6+ 49. Bxa6 {[%emt 0:00:03] KRB-KR} Rb4 50. g3 Rg4 (50... Ra4 {keeps fighting.}) 51. Kd7 {[%emt 0:01:00] White threatens Bb7 and mate.} Rxg3 (51... Rb4 $18 52. Ke7 Rb6) 52. Bb7 {[%emt 0:00:16][%cal Rc3c5] White mates.} Rxe3 53. Rxe3+ Kf4 54. Rf3+ Kg4 55. Ke6 Kxh4 56. Kxf6 g5 57. Rxf5 g4 58. Kg6 {[%emt 0:00:05] Weighted Error Value: White=0.10 (very precise) /Black=0.26 (precise) .  Mistake:       	White=2     	Black=7      Inaccurate:     	White=3     	Black=2      OK:         	White=12    	Black=19     Best:        	White=5     	Black=1} 1-0

[Event "2nd Cambridge Open 2024"]
[Site "Cambridge"]
[Date "2024.02.21"]
[Round "4.17"]
[White "Saine, Zachary"]
[Black "Wynarczyk, Raymond"]
[Result "1-0"]
[ECO "B07"]
[WhiteElo "1978"]
[BlackElo "1703"]
[Annotator "NA"]
[PlyCount "47"]
[EventDate "2024.02.18"]
[EventType "swiss"]
[EventCountry "ENG"]
[SourceTitle "playchess.com"]
[Source "ChessBase"]
[SourceQuality "1"]
[TimeControl "5400+30"]

1. e4 d6 2. d4 Nf6 3. Nc3 Nbd7 4. f4 e5 5. Nf3 exd4 6. Qxd4 c6 7. Be3 Be7 8. O-O-O O-O 9. e5 Ng4 10. Bg1 dxe5 11. fxe5 Ndxe5 12. Nxe5 $16 Bg5+ 13. Kb1 Qa5 14. Nxg4 Rd8 15. Qe5 Rxd1+ 16. Nxd1 Qd8 17. Bd4 f6 18. Bc4+ Kh8 19. Qe4 c5 20. Bc3 f5 21. Qe5 Qd7 22. Nde3 fxg4 23. Rd1 Qe7 24. Rd8+ 1-0

[Event "2nd Cambridge Open 2024"]
[Site "Cambridge"]
[Date "2024.02.21"]
[Round "4.18"]
[White "Pereslavtsev, Alexandr"]
[Black "Kovalskyi, Roman"]
[Result "1-0"]
[ECO "D32"]
[WhiteElo "1696"]
[BlackElo "2009"]
[Annotator "NA RC"]
[PlyCount "77"]
[EventDate "2024.02.18"]
[EventType "swiss"]
[EventCountry "ENG"]
[SourceTitle "playchess.com"]
[Source "ChessBase"]
[SourceQuality "1"]
[TimeControl "5400+30"]

1. d4 d5 2. c4 e6 3. Nc3 c5 4. cxd5 cxd4 5. Qa4+ Bd7 6. Qxd4 exd5 7. Qxd5 Nf6 8. Qd1 Bc5 9. e3 O-O 10. Nf3 Nc6 11. Be2 Qe7 12. O-O Rfd8 13. a3 a6 14. Qc2 Rac8 15. Bd2 Ne5 16. Rfe1 Bd6 17. Rad1 Nfg4 18. h3 {[%emt 0:07:27] [#]} Nxf3+ $17 19. Bxf3 Qe5 20. a4 Be6 21. b3 Nf6 22. Bxb7 Rb8 23. f4 Qc5 24. b4 Qxb4 25. Rb1 Qc5 26. Kh1 Bxh3 27. gxh3 Rxb7 28. Rxb7 Qc6+ 29. Kh2 Qxb7 30. e4 Bb4 31. Nd5 Nxd5 32. exd5 Bxd2 33. Qxd2 h6 34. Qd3 g6 35. Qd4 Kh7 36. d6 Rd7 37. Re8 f6 38. Qxf6 Rg7 39. Re7 1-0

[Event "2nd Cambridge Open 2024"]
[Site "Cambridge"]
[Date "2024.02.21"]
[Round "4.19"]
[White "Prince, Alan R"]
[Black "Hagesather, Nina"]
[Result "0-1"]
[ECO "A08"]
[WhiteElo "1652"]
[BlackElo "1973"]
[Annotator "NA RC"]
[PlyCount "70"]
[EventDate "2024.02.18"]
[EventType "swiss"]
[EventCountry "ENG"]
[SourceTitle "playchess.com"]
[Source "ChessBase"]
[SourceQuality "1"]
[TimeControl "5400+30"]

1. Nf3 Nf6 2. g3 g6 3. Bg2 d5 4. d3 Bg7 5. O-O O-O 6. Nbd2 c5 7. e4 Nc6 8. a3 dxe4 9. dxe4 Qc7 10. c3 Rd8 11. Qe2 h6 12. Re1 e5 13. b4 a6 14. Nb3 c4 15. Nbd2 b5 16. a4 Bb7 17. Bb2 Rd3 18. axb5 axb5 19. Rxa8+ Bxa8 20. Ra1 Qd8 21. Bf1 g5 22. Qe1 Rd7 23. Bc1 Bb7 24. h3 g4 25. Nh4 Ne7 26. hxg4 Nxg4 27. f3 Qb6+ 28. Kh1 Nf2+ 29. Kg2 Nd3 30. Qe2 Qd6 31. Ba3 Bf6 32. Nf5 Nxf5 33. exf5 Nf4+ 34. gxf4 Qxd2 35. Ra2 Qxf4 0-1

[Event "2nd Cambridge Open 2024"]
[Site "Cambridge"]
[Date "2024.02.21"]
[Round "4.20"]
[White "Vardanyan, Aras"]
[Black "Redman, David J"]
[Result "1-0"]
[ECO "A16"]
[WhiteElo "2284"]
[BlackElo "1971"]
[Annotator "TA"]
[PlyCount "63"]
[EventDate "2024.02.18"]
[EventType "swiss"]
[EventCountry "ENG"]
[SourceTitle "playchess.com"]
[Source "ChessBase"]
[SourceQuality "1"]
[TimeControl "5400+30"]

1. c4 Nf6 2. g3 g6 3. Bg2 Bg7 4. Nc3 O-O 5. h3 c5 6. e3 d6 7. Nge2 a6 8. d4 {[%emt 0:02:05] Die Stellung ist ausgeglichen.} Nbd7 9. O-O Rb8 10. a4 Qc7 11. b3 cxd4 12. exd4 e6 (12... b6 $14) 13. Bf4 b6 14. c5 bxc5 15. dxc5 e5 16. cxd6 Qb6 17. Bg5 Qxb3 18. Qd2 Qe6 (18... Qb2 $11) 19. Nd5 (19. Rab1 $16) 19... Nxd5 $11 20. Bxd5 Qxh3 21. Be7 $36 {[%emt 0:00:09][%mdl 2048] Weiss drückt.} e4 {[%emt 0:15:03][%cal Od7e5] [#] Droht stark ...Ne5!} 22. Nf4 {[%emt 0:06:06] Sehr scharf! Aktives Gegenspiel!} Qh6 {[%emt 0:02:35] Danach kann Schwarz die Partie nicht mehr halten.} (22... Qf5 $16 {war nötig.}) 23. Bxf8 $18 Ne5 (23... Bxf8 $142 24. Rab1 (24. Bxe4 Nf6 $18) 24... Rxb1 25. Rxb1 g5) 24. Bxe4 $1 {[%emt 0:00:06] Zielt auf Bxg7 ab.} (24. Bxg7 $2 {wird mattgesetzt.} Nf3+ 25. Kg2 Qh2#) 24... Ng4 $2 {[%emt 0:00:15] [#]} (24... Bxf8 25. Rab1 Rxb1 26. Rxb1 Bg4) 25. Rfb1 $1 ({Aber nicht} 25. f3 $2 Bd4+ $19 (25... Kxf8 $2 {geht unter.} 26. Rfb1 $18) (25... Kxf8 $2 26. Rfb1 $18)) 25... Qh2+ 26. Kf1 Bc3 27. Qc2 (27. Qxc3 $2 Qxf2#) 27... a5 28. Rxb8 {[%emt 0:03:34] Weiß setzt Matt.} Ba6+ 29. Nd3 Bxd3+ 30. Bxd3 Ne3+ 31. Ke2 Nxc2 32. Bh6# {[%emt 0:00:08] Gewichteter Fehlerwert: Weiß=0.07 (makellos) /Schwarz=0.68.  Verlustzug:     	---       	Schwarz=1     Fehler:       	Weiß=1     	Schwarz=4     Ungenau:       	Weiß=2     	Schwarz=2     OK:         	Weiß=5     	Schwarz=7     Bester:       	Weiß=3     	Schwarz=1     Stark:        	Weiß=2     	---} 1-0

[Event "2nd Cambridge Open 2024"]
[Site "Cambridge"]
[Date "2024.02.21"]
[Round "4.21"]
[White "Gluma, Christian"]
[Black "Myall, Ivan J"]
[Result "1-0"]
[ECO "C54"]
[WhiteElo "2256"]
[BlackElo "1951"]
[Annotator "TA"]
[PlyCount "115"]
[EventDate "2024.02.18"]
[EventType "swiss"]
[EventCountry "ENG"]
[SourceTitle "playchess.com"]
[Source "ChessBase"]
[SourceQuality "1"]
[TimeControl "5400+30"]

1. e4 e5 2. Nf3 Nc6 3. Bc4 Bc5 4. c3 Nf6 5. d3 a5 6. a4 d6 7. Nbd2 O-O 8. O-O Be6 9. Bb3 Bxb3 10. Nxb3 h6 11. Nxc5 dxc5 12. b3 Re8 13. Be3 Qd6 14. Ne1 Rad8 15. Qe2 Qe6 16. Rb1 b6 17. h3 g5 18. Kh2 Kh7 19. g3 Rg8 20. Rh1 Rg6 21. Kg2 Rdg8 22. Nc2 Ne7 23. Na3 (23. Bd2 $5) 23... R6g7 24. h4 g4 $1 25. Nc4 (25. Bg5 $5) 25... Nh5 26. Bd2 Rg6 (26... Nc6 $11) 27. Rbe1 (27. b4 $16 {aiming for bxc5.} axb4 28. cxb4) 27... Rf6 $11 28. b4 $2 (28. Bc1 $11 {and White stays safe.}) 28... cxb4 29. d4 {[%emt 0:02:41] [#]} (29. cxb4 $142 axb4 30. Kh2 (30. Bxb4 Ng6 $17)) 29... bxc3 $1 $19 30. Bxc3 Rf3 31. Bb2 $2 (31. d5 Nxd5 32. exd5 Qxd5 33. Qe4+ Qxe4 34. Rxe4 Rxc3 35. Nxe5) 31... exd4 32. Nd2 $2 (32. Bxd4 Rd8 33. Ne5 Rxd4 34. Nxf3 gxf3+ 35. Qxf3) 32... d3 $2 (32... Ng6 $19 33. Qc4 Nhf4+ 34. Kf1 Nd3) 33. Qd1 $11 Qa2 34. Qa1 Qe6 $1 (34... Qxa1 $2 35. Rxa1 c5 (35... Rf6 $2 36. Bxf6 Nxf6 37. Rhc1 $16) 36. Nxf3 gxf3+ 37. Kxf3 $16) 35. Qd1 $1 (35. Nxf3 $2 gxf3+ 36. Kxf3 Nxg3 $19) 35... Qa2 (35... Rf6 $5) 36. Nxf3 (36. Qa1 $5 Qe6 $8 (36... Qxa1 37. Rxa1 Rf6 38. Bxf6 $16) 37. Qd1 $11 (37. Nxf3 $2 gxf3+ 38. Kxf3 Nxg3 $19)) 36... gxf3+ (36... Qxb2 {feels hotter.} 37. Nd2 Qa2 38. Qc1 c5) 37. Qxf3 Nxg3 (37... Ng6 $5 38. Rb1 Nhf4+ 39. Kh2 (39. gxf4 Nxh4+ 40. Kh3 Nxf3 41. f5 f6 42. Rhc1 Qf7) 39... Qe6 $11) 38. fxg3 Qxb2+ 39. Kh3 Qb3 40. Rhf1 Rg7 41. Rd1 Qe6+ $1 42. Kh2 Qa2+ $2 (42... Nc6 $1 $11 {and Black is okay.} 43. Qxd3 (43. Rxd3 Ne5 $17) 43... Ne5) 43. Rf2 $18 Qxa4 44. Rxd3 Qc6 (44... Qb5 {keeps fighting.} 45. Rd8 Ng8) 45. Rd8 $18 Qg6 $2 (45... Qc5 46. Rf8 f5) 46. Rf8 $18 (46. Rd7 Ng8 47. Rxf7 a4 $18) 46... Nc6 47. Qf4 (47. Rxf7 $142 Rxf7 48. Qxf7+ Qxf7 49. Rxf7+ Kg8 50. Rxc7) 47... Nd4 $2 (47... Qd6 {is tougher.} 48. Qf5+ (48. Rxf7 Qxf4 49. Rxg7+ Kxg7 $18) 48... Qg6 49. Rxf7 Qxf5 50. R7xf5 (50. R2xf5 Nd4 $16) 50... Nd4) 48. Rxf7 $18 (48. Qxc7 $2 {loses.} Ne6 (48... Qxe4 $2 49. R8xf7 Ne6 50. Qxb6 $18) 49. Qd6 Nxf8 $19) 48... Rxf7 49. Qxf7+ Qxf7 50. Rxf7+ Kg6 51. Rxc7 b5 52. Kg2 a4 53. Ra7 Nc2 54. Rc7 $2 (54. g4 $18) 54... b4 $2 (54... Nd4 $11) 55. Rxc2 b3 56. Rc6+ Kf7 57. Rb6 (57. Rxh6 b2 58. Rb6 a3 $17) 57... Ke7 58. Rb4 ({Stronger than} 58. Rxh6 a3 $15) 1-0

[Event "2nd Cambridge Open 2024"]
[Site "Cambridge"]
[Date "2024.02.21"]
[Round "4.23"]
[White "Hanache, Kai"]
[Black "Waller, Dan"]
[Result "1-0"]
[ECO "B38"]
[WhiteElo "1926"]
[BlackElo "2126"]
[Annotator "RC"]
[PlyCount "87"]
[EventDate "2024.02.18"]
[EventType "swiss"]
[EventCountry "ENG"]
[SourceTitle "playchess.com"]
[Source "ChessBase"]
[SourceQuality "1"]
[TimeControl "5400+30"]

1. e4 c5 2. Nf3 g6 3. d4 cxd4 4. Nxd4 Nc6 5. c4 Bg7 6. Be3 Nf6 7. Nc3 O-O 8. Be2 d6 9. O-O Bd7 10. h3 Nxd4 11. Bxd4 Bc6 12. b4 e5 13. Be3 Nxe4 14. Nxe4 Bxe4 15. Rc1 b6 16. Bf3 Bxf3 17. Qxf3 Qd7 18. Rfd1 Qa4 19. Rxd6 Qxb4 20. Rd7 Rac8 21. Qd5 Qa4 22. c5 bxc5 23. Rxc5 Rxc5 24. Bxc5 Qf4 25. Bxf8 Bxf8 26. g3 Qf5 27. Rxa7 Kg7 28. a4 Bb4 29. Kg2 Be1 30. Qf3 Qe6 31. Qe4 Bc3 32. Rc7 Bd4 33. a5 Qa2 34. Qf3 Kg8 35. a6 Kg7 36. Re7 h5 37. g4 hxg4 38. hxg4 Qxa6 39. Rxf7+ Kg8 40. Rd7 Qa2 41. Qf6 Qa8+ 42. Kh2 Qf8 43. Qxg6+ Kh8 44. Rh7# 1-0

[Event "2nd Cambridge Open 2024"]
[Site "Cambridge"]
[Date "2024.02.21"]
[Round "4.24"]
[White "McLean, Robert"]
[Black "Southcott-Moyers, Indy"]
[Result "1/2-1/2"]
[ECO "B12"]
[WhiteElo "1823"]
[BlackElo "2123"]
[Annotator "RC"]
[PlyCount "64"]
[EventDate "2024.02.18"]
[EventType "swiss"]
[EventCountry "ENG"]
[SourceTitle "playchess.com"]
[Source "ChessBase"]
[SourceQuality "1"]
[TimeControl "5400+30"]

1. e4 c6 2. d4 d5 3. e5 c5 4. c3 Nc6 5. Be2 cxd4 6. cxd4 Bf5 7. Nf3 e6 8. O-O Nge7 9. Nc3 Bg4 10. Be3 Nf5 11. Qd2 Be7 12. h3 Bxf3 13. Bxf3 Qb6 14. Bg4 Nh4 15. Be2 O-O 16. Bd3 Ng6 17. f4 f5 18. Na4 Qb4 19. Qxb4 Nxb4 20. Bb1 Rac8 21. a3 Nc2 22. Bxc2 Rxc2 23. Rac1 Rfc8 24. Nc5 Rxb2 25. Nxe6 Rcc2 26. Rxc2 Rxc2 27. Rc1 Rc6 28. Rxc6 bxc6 29. a4 Kf7 30. Nc7 Bd8 31. Na6 Ne7 32. Nc5 Bb6 1/2-1/2

[Event "2nd Cambridge Open 2024"]
[Site "Cambridge"]
[Date "2024.02.21"]
[Round "4.25"]
[White "Simpson, Ben"]
[Black "Borsos, Bogdan"]
[Result "0-1"]
[ECO "C41"]
[WhiteElo "1873"]
[BlackElo "2094"]
[Annotator "RC"]
[PlyCount "56"]
[EventDate "2024.02.18"]
[EventType "swiss"]
[EventCountry "ENG"]
[SourceTitle "playchess.com"]
[Source "ChessBase"]
[SourceQuality "1"]
[TimeControl "5400+30"]

1. d4 d6 2. e4 Nf6 3. Nc3 e5 4. Nf3 Nbd7 5. Bc4 Be7 6. O-O O-O 7. Re1 a6 8. a4 b6 9. Nd5 Bb7 10. Nxe7+ Qxe7 11. Bg5 h6 12. Bh4 Rfe8 13. Ra3 Nf8 14. a5 b5 15. Bd5 c6 16. Ba2 Ng6 17. Bg3 c5 18. dxc5 dxc5 19. Bd5 Rad8 20. Rd3 c4 21. Rd2 Nxd5 22. exd5 f6 23. Nd4 Rxd5 24. Qg4 Qf7 25. Nf5 Rxd2 26. h4 Kh7 27. h5 Ne7 28. Nh4 Rd4 0-1

[Event "2nd Cambridge Open 2024"]
[Site "Cambridge"]
[Date "2024.02.21"]
[Round "4.26"]
[White "Bharat Kumar, Balahari"]
[Black "Samarakoon, Vivash Ransara"]
[Result "1-0"]
[ECO "A52"]
[WhiteElo "1995"]
[BlackElo "1839"]
[Annotator "NA RC"]
[PlyCount "103"]
[EventDate "2024.02.18"]
[EventType "swiss"]
[EventCountry "ENG"]
[SourceTitle "playchess.com"]
[Source "ChessBase"]
[SourceQuality "1"]
[TimeControl "5400+30"]

1. d4 Nf6 2. c4 e5 3. dxe5 Ng4 4. Bf4 Nc6 5. Nf3 Bb4+ 6. Nbd2 Qe7 7. e3 Ngxe5 8. Nxe5 Nxe5 9. Be2 O-O 10. a3 Bxd2+ 11. Qxd2 d6 12. O-O b6 13. b4 Bb7 14. Qd4 $11 Ng6 15. Bg3 Rad8 16. Rfd1 f5 17. Ra2 Qg5 18. f4 Qe7 19. Bf3 Bxf3 20. gxf3 c6 21. Rg2 Rd7 22. Qc3 Rfd8 23. Be1 Re8 24. Bf2 Red8 25. Rg5 Qe6 26. Qd3 d5 27. c5 bxc5 28. Qxf5 Qxf5 29. Rxf5 cxb4 30. axb4 Rb8 31. Be1 Re7 32. Kf2 Rbe8 33. Rd3 d4 34. e4 Rd7 35. Kg3 Ne7 36. Rc5 Rd6 37. Bd2 Red8 38. f5 g6 39. Bg5 Re8 40. Bxe7 Rxe7 41. e5 Rdd7 42. f6 Re6 43. f4 Kf7 44. h4 Ke8 45. Rc4 c5 46. Rxc5 Ra6 47. Rc4 Ra1 48. e6 Rd8 49. Rcxd4 Rxd4 50. Rxd4 Ra6 51. f7+ Ke7 52. Rd8 1-0

[Event "2nd Cambridge Open 2024"]
[Site "Cambridge"]
[Date "2024.02.21"]
[Round "4.27"]
[White "Zhang, Junyi"]
[Black "Payne, Matthew J"]
[Result "1/2-1/2"]
[ECO "C07"]
[WhiteElo "1655"]
[BlackElo "2091"]
[Annotator "NA RC"]
[PlyCount "95"]
[EventDate "2024.02.18"]
[EventType "swiss"]
[EventCountry "ENG"]
[SourceTitle "playchess.com"]
[Source "ChessBase"]
[SourceQuality "1"]
[TimeControl "5400+30"]

1. e4 e6 2. d4 d5 3. Nd2 c5 4. exd5 Qxd5 5. Ngf3 cxd4 6. Bc4 Qd6 7. O-O Nf6 8. Nb3 Nc6 9. Nbxd4 Nxd4 10. Qxd4 Qxd4 11. Nxd4 Bd7 12. Be2 Bc5 13. Rd1 O-O-O 14. Bf3 e5 15. Nb3 Bb6 16. Be3 Bxe3 17. fxe3 b6 18. Nd2 Be6 $11 19. Kf2 g5 20. h3 h5 21. Ne4 Nxe4+ 22. Bxe4 f5 23. Bd3 g4 24. hxg4 fxg4 25. Be4 h4 26. Rxd8+ Rxd8 27. Rh1 g3+ 28. Ke2 Rh8 29. b3 Kd7 30. Rf1 Ke7 31. c4 a5 32. a4 Rh6 33. Ke1 Bg4 34. Bf5 Bh5 35. Be4 Kd6 36. Kd2 Bg4 37. Rh1 Kc5 38. Kc3 h3 39. gxh3 Rxh3 40. Rg1 Bd7 41. Rg2 Bc6 42. Bxc6 Kxc6 43. b4 Kd6 44. e4 Kc6 45. Kb3 Kd6 46. Kc3 axb4+ 47. Kxb4 Kc6 48. Rg1 1/2-1/2

[Event "2nd Cambridge Open 2024"]
[Site "Cambridge"]
[Date "2024.02.21"]
[Round "4.28"]
[White "Evans, Ruben"]
[Black "Asgarova, Turan"]
[Result "1/2-1/2"]
[ECO "A69"]
[WhiteElo "1647"]
[BlackElo "1988"]
[Annotator "NA RC"]
[PlyCount "55"]
[EventDate "2024.02.18"]
[EventType "swiss"]
[EventCountry "ENG"]
[SourceTitle "playchess.com"]
[Source "ChessBase"]
[SourceQuality "1"]
[TimeControl "5400+30"]

1. d4 Nf6 2. c4 g6 3. Nc3 Bg7 4. e4 d6 5. f4 O-O 6. Nf3 c5 7. d5 e6 8. Be2 exd5 9. cxd5 Re8 10. e5 dxe5 11. fxe5 Ng4 12. e6 fxe6 13. d6 a6 14. O-O Bd7 15. Ne4 Bc6 $11 16. Nfg5 Nh6 17. Bc4 Bxe4 18. Nxe4 Nf5 19. Bg5 Bd4+ 20. Kh1 Qb6 21. Qe2 Nd7 22. Be7 Nf8 23. Rxf5 gxf5 24. Ng5 Qxb2 25. Qxb2 Bxb2 26. Rb1 Bd4 27. Bxf8 b5 28. Bxe6+ 1/2-1/2

[Event "2nd Cambridge Open 2024"]
[Site "Cambridge"]
[Date "2024.02.21"]
[Round "4.29"]
[White "Volovich, Julia"]
[Black "Jefremov, Aivar"]
[Result "1/2-1/2"]
[ECO "E32"]
[WhiteElo "1983"]
[BlackElo "1656"]
[Annotator "RC"]
[PlyCount "63"]
[EventDate "2024.02.18"]
[EventType "swiss"]
[EventCountry "ENG"]
[SourceTitle "playchess.com"]
[Source "ChessBase"]
[SourceQuality "1"]
[TimeControl "5400+30"]

1. d4 e6 2. c4 Nf6 3. Nc3 Bb4 4. Qc2 O-O 5. a3 Bxc3+ 6. Qxc3 b6 7. Bg5 Bb7 8. f3 h6 9. Bh4 c5 10. dxc5 bxc5 11. Rd1 Ne4 12. Qxg7+ Kxg7 13. Bxd8 Rxd8 14. fxe4 Bxe4 15. Nf3 Nc6 16. e3 Rab8 17. Bd3 Bxd3 18. Rxd3 Rxb2 19. O-O Rc2 20. Rfd1 Rxc4 21. Rxd7 Rxd7 22. Rxd7 Kf6 23. Rc7 Na5 24. Rxa7 Ra4 25. Nd2 Rxa3 26. Ne4+ Kg6 27. Nxc5 Nc4 28. Rxa3 Nxa3 29. Kf2 Nc4 30. Kf3 Nd6 31. Kf4 Nc4 32. Ke4 1/2-1/2

[Event "2nd Cambridge Open 2024"]
[Site "Cambridge"]
[Date "2024.02.21"]
[Round "4.30"]
[White "Hebden, Mark L"]
[Black "Iyengar, Ilya"]
[Result "1-0"]
[ECO "A45"]
[WhiteElo "2416"]
[BlackElo "1972"]
[Annotator "TA"]
[PlyCount "53"]
[EventDate "2024.02.18"]
[EventType "swiss"]
[EventCountry "ENG"]
[SourceTitle "playchess.com"]
[Source "ChessBase"]
[SourceQuality "1"]
[TimeControl "5400+30"]

1. d4 Nf6 2. Bg5 Ne4 3. Bf4 c5 4. d5 Qb6 5. Nd2 Nxd2 6. Bxd2 Qxb2 7. e4 g6 8. Rb1 Qe5 9. Bd3 Bg7 10. c4 {[%emt 0:02:28] The position is equal.} O-O 11. h4 {[%emt 0:00:45][%mdl 1024] White has compensation.} Na6 12. a3 $1 {[%emt 0:00:30] Dodges Nb4} f5 $2 (12... d6 $14) 13. Nf3 $18 Qc7 (13... Qd6 14. h5 b5) 14. h5 e5 (14... g5 {was worth a try.} 15. h6 (15. Nxg5 h6 $18) (15. Bxg5 fxe4 16. Bxe4 h6 $18) 15... Bf6 16. exf5 (16. Nxg5 b6 $18) 16... g4) 15. hxg6 hxg6 16. Nh4 f4 17. Nxg6 Rf6 18. Ne7+ $2 (18. Qh5 d6 19. g3) 18... Kf8 {[%emt 0:01:35] Black is weak on the light squares} 19. Qg4 {[%emt 0:03:02][%cal Oh1h7] [#] Black must now prevent Rh7!} d6 20. Nxc8 Rxc8 21. g3 fxg3 (21... Nb8 {was necessary.} 22. Rh7 (22. gxf4 Nd7 $18) 22... Rf7) 22. fxg3 {[%emt 0:01:25] aiming for Bg5.} Re8 23. Ke2 Qf7 24. Rhf1 {[%emt 0:01:56] [#] And now Bg5 would win.} b6 25. Bg5 Qg6 26. Rxf6+ Bxf6 27. Rf1 {[%emt 0:00:09] Black did not feel at home in the position after the opening.   Weighted Error Value: White=0.32/Black=0.91.  Mistake:       	---       	Black=4      Inaccurate:     	---       	Black=1      OK:         	White=8     	---        Best:        	White=1     	Black=1      Strong:       	White=1     	---} 1-0

[Event "2nd Cambridge Open 2024"]
[Site "Cambridge"]
[Date "2024.02.21"]
[Round "4.31"]
[White "Reynolds, D Ian W"]
[Black "Mihalik, Agoston"]
[Result "0-1"]
[ECO "B22"]
[WhiteElo "1960"]
[BlackElo "2146"]
[Annotator "RC"]
[PlyCount "56"]
[EventDate "2024.02.18"]
[EventType "swiss"]
[EventCountry "ENG"]
[SourceTitle "playchess.com"]
[Source "ChessBase"]
[SourceQuality "1"]
[TimeControl "5400+30"]

1. e4 c5 2. c3 Nf6 3. e5 Nd5 4. Nf3 Nc6 5. Bc4 Nb6 6. Bb3 d5 7. exd6 Qxd6 8. O-O c4 9. Bc2 Bg4 10. d4 cxd3 11. Qxd3 Qxd3 12. Bxd3 Bxf3 13. gxf3 e6 14. Be3 Nd5 15. Bb5 Nxe3 16. fxe3 O-O-O 17. b4 Be7 18. a3 Bf6 19. Ra2 Ne7 20. e4 Kb8 21. Rc2 a6 22. Be2 Ng6 23. f4 Rd7 24. e5 Bd8 25. Rf3 Bb6+ 26. Kf1 Rhd8 27. Ke1 Bg1 28. Rd2 Bxh2 0-1